[ AOE2 MATCH · #506064106 ]
UnrankedKhitans vs Berbers
Player's team · WIN
Rival team · LOSS
[ REPLAY ANALYSIS · EXTRACTED FROM THE RECORDED GAME ]
Feudal
8:55
Castle
21:28
Imperial
—
| APM avg | 36.7 |
| APM peak | 61 |
| eAPM avg | 15.3 |
| Villagers / military | 66 / 17 |
Focus
⚔️ 30.0% · 🌾 70.0%
Militia ×11 · Archer ×4 · Iron Pagoda ×1 · Battering Ram ×1
Feudal
9:57
Castle
22:26
Imperial
—
| APM avg | 67.5 |
| APM peak | 112 |
| eAPM avg | 30.7 |
| Villagers / military | 51 / 15 |
Focus
⚔️ 41.8% · 🌾 58.2%
Camel Archer ×9 · Skirmisher ×3 · Archer ×1 · Mangonel ×1 · Spearman ×1
Match map
Initial resources + every placement click. Lines = walls · curves = elevation contours. ◆ gold · ⬟ stone · ● berries · ✦ relic · ◌ wall gap
Your base· ✓ Closed at 21:28 · 3t walls · no gate
半月回淑's base· Open — opponent sealed themselves in
Smoothed initial terrain · ◌ = detected wall gap · hover for details
Inputs per minute
— recplorer - - 半月回淑
Build order — recplorer
143 actions detected in the replay
| 0:00 | Queue | Villager (Male) |
| 0:02 | Build | House |
| 0:08 | Queue | Villager (Male) ×3 |
| 1:26 | Queue | Villager (Male) |
| 1:44 | Build | House |
| 1:57 | Queue | Villager (Male) |
| 2:22 | Build | Lumber Camp |
| 2:25 | Queue | Villager (Male) |
| 2:51 | Queue | Villager (Male) |
| 2:51 | Queue | Villager (Male) |
| 3:38 | Queue | Villager (Male) |
| 3:52 | Build | House |
| 4:04 | Queue | Villager (Male) |
| 4:09 | Queue | Villager (Male) |
| 4:27 | Queue | Villager (Male) |
| 5:01 | Queue | Villager (Male) |
| 5:20 | Build | Barracks |
| 5:29 | Queue | Villager (Male) |
| 5:36 | Build | House |
| 5:51 | Research | Loom |
| 6:45 | Research | Feudal Age |
| 7:08 | Queue | Militia |
| 7:11 | Build | Mining Camp |
| 7:39 | Queue | Militia |
| 8:03 | Queue | Militia |
| 8:06 | Build | Mill |
| 8:45 | Queue | Villager (Male) |
| 8:55 | Age | Feudal Age |
| 9:07 | Research | Man-at-Arms (upgrade) |
| 9:26 | Queue | Villager (Male) |
| 9:26 | Queue | Villager (Male) |
| 9:56 | Build | Watch Tower |
| 9:56 | Queue | Villager (Male) |
| 10:22 | Build | Watch Tower |
| 10:26 | Queue | Villager (Male) |
| 10:30 | Build | House |
| 10:47 | Build | House |
| 10:59 | Queue | Villager (Male) |
| 11:16 | Queue | Villager (Male) |
| 11:21 | Queue | Villager (Male) |
| 11:22 | Queue | Villager (Male) |
| 11:26 | Build | Archery Range |
| 11:49 | Queue | Villager (Male) |
| 12:03 | Queue | Archer |
| 12:04 | Queue | Archer |
| 12:07 | Queue | Villager (Male) |
| 12:20 | Queue | Villager (Male) |
| 12:23 | Queue | Villager (Male) |
| 12:35 | Queue | Archer |
| 12:42 | Build | Palisade Wall |
| 12:43 | Build | Palisade Wall |
| 12:53 | Build | Palisade Wall |
| 12:57 | Queue | Archer |
| 12:59 | Queue | Villager (Male) |
| 13:02 | Build | Pasture |
| 13:13 | Build | House |
| 13:22 | Build | Blacksmith |
| 13:34 | Build | Pasture |
| 13:55 | Research | Fletching |
| 13:56 | Queue | Villager (Male) |
| 14:04 | Build | Pasture |
| 14:17 | Build | House |
| 14:27 | Queue | Villager (Male) |
| 14:41 | Queue | Villager (Male) |
| 14:50 | Queue | Villager (Male) |
| 15:03 | Queue | Villager (Male) |
| 15:14 | Build | Pasture |
| 15:15 | Queue | Villager (Male) |
| 15:27 | Research | Double-Bit Axe |
| 15:51 | Build | Pasture |
| 15:56 | Queue | Villager (Male) |
| 16:29 | Build | Pasture |
| 16:34 | Build | Pasture |
| 16:43 | Build | Pasture |
| 16:49 | Queue | Villager (Male) |
| 17:08 | Build | Pasture |
| 17:29 | Build | Pasture |
| 17:30 | Queue | Villager (Male) |
| 17:55 | Queue | Villager (Male) |
| 18:17 | Build | Mining Camp |
| 18:21 | Queue | Villager (Male) |
| 18:35 | Build | Lumber Camp |
| 18:43 | Research | Castle Age |
| 18:43 | Research | Castle Age |
| 18:49 | Queue | Militia |
| 18:49 | Queue | Militia |
| 19:00 | Queue | Militia |
| 19:12 | Research | Tech 1014 |
| 19:15 | Queue | Militia |
| 19:28 | Research | Scale Mail Armor |
| 19:32 | Queue | Militia |
| 19:47 | Build | House |
| 19:50 | Queue | Militia |
| 20:04 | Build | House |
| 20:17 | Queue | Militia |
| 20:18 | Research | Forging |
| 20:36 | Queue | Militia |
| 20:44 | Build | House |
| 21:00 | Queue | Villager (Male) |
| 21:06 | Research | Arson |
| 21:18 | Build | Watch Tower |
| 21:27 | Queue | Villager (Male) |
| 21:28 | Age | Castle Age |
| 21:35 | Build | Siege Workshop |
| 21:36 | Research | Long Swordsman (upgrade) |
| 21:38 | Queue | Villager (Male) |
| 21:41 | Build | University |
| 21:42 | Queue | Villager (Male) |
| 21:45 | Queue | Villager (Male) |
| 21:59 | Research | Gambesons |
| 22:07 | Research | Squires |
| 22:08 | Queue | Villager (Male) |
| 22:23 | Queue | Battering Ram |
| 22:26 | Queue | Villager (Male) |
| 22:50 | Queue | Villager (Male) |
| 22:56 | Queue | Villager (Male) |
| 23:06 | Queue | Villager (Male) |
| 23:20 | Build | Watch Tower |
| 23:25 | Queue | Iron Pagoda |
| 23:27 | Queue | Villager (Male) |
| 23:59 | Queue | Villager (Male) |
| 24:21 | Queue | Villager (Male) |
| 24:24 | Build | Town Center |
| 24:31 | Build | Watch Tower |
| 24:38 | Queue | Villager (Male) |
| 24:43 | Research | Bow Saw |
| 25:08 | Queue | Villager (Male) |
| 25:20 | Queue | Villager (Male) |
| 25:25 | Queue | Villager (Male) |
| 25:38 | Queue | Villager (Male) |
| 25:44 | Queue | Villager (Male) |
| 26:05 | Queue | Villager (Male) |
| 26:09 | Queue | Villager (Male) |
| 26:15 | Queue | Villager (Male) |
| 26:16 | Queue | Villager (Male) |
| 26:30 | Queue | Villager (Male) |
| 26:30 | Queue | Villager (Male) |
| 26:34 | Research | Guard Tower (upgrade) |
| 26:40 | Research | Bodkin Arrow |
| 26:44 | Queue | Villager (Male) |
| 26:47 | Build | Watch Tower |
| 26:55 | Build | Pasture |
| 27:12 | Build | Lumber Camp |
Build order — 半月回淑
First 150 of 153 actions detected
| 0:00 | Queue | Villager (Male) |
| 0:00 | Queue | Villager (Male) |
| 0:02 | Build | House |
| 0:03 | Build | House |
| 0:10 | Queue | Villager (Male) |
| 0:21 | Queue | Villager (Male) |
| 1:40 | Build | Lumber Camp |
| 1:40 | Queue | Villager (Male) |
| 1:41 | Queue | Villager (Male) |
| 2:05 | Queue | Villager (Male) |
| 2:05 | Queue | Villager (Male) |
| 2:30 | Queue | Villager (Male) |
| 2:51 | Queue | Villager (Male) |
| 3:09 | Queue | Villager (Male) |
| 3:34 | Queue | Villager (Male) |
| 3:55 | Build | House |
| 3:58 | Build | Palisade Wall |
| 4:02 | Queue | Villager (Male) |
| 4:18 | Build | Palisade Wall |
| 4:26 | Build | House |
| 4:28 | Build | Palisade Wall |
| 4:36 | Queue | Villager (Male) |
| 4:37 | Queue | Villager (Male) |
| 4:57 | Build | Palisade Wall |
| 5:02 | Build | Palisade Wall |
| 5:12 | Build | Palisade Wall |
| 5:13 | Build | Palisade Wall |
| 5:20 | Build | Mill |
| 5:24 | Build | Palisade Wall |
| 5:36 | Queue | Villager (Male) |
| 5:36 | Queue | Villager (Male) |
| 6:04 | Queue | Villager (Male) |
| 6:05 | Research | Loom |
| 6:12 | Build | Palisade Wall |
| 6:13 | Build | Palisade Wall |
| 6:36 | Queue | Villager (Male) |
| 6:47 | Build | House |
| 6:52 | Build | Palisade Wall |
| 6:54 | Build | Palisade Wall |
| 6:56 | Build | Palisade Wall |
| 6:57 | Build | Palisade Wall |
| 7:01 | Build | Palisade Wall |
| 7:05 | Build | Palisade Wall |
| 7:06 | Build | Palisade Wall |
| 7:22 | Queue | Villager (Male) |
| 7:47 | Research | Feudal Age |
| 7:47 | Research | Feudal Age |
| 7:52 | Build | House |
| 8:16 | Build | Palisade Gate |
| 8:22 | Build | Palisade Gate |
| 8:45 | Build | House |
| 9:03 | Build | House |
| 9:04 | Build | Palisade Wall |
| 9:42 | Build | Palisade Wall |
| 9:56 | Build | House |
| 9:57 | Age | Feudal Age |
| 9:59 | Queue | Villager (Male) |
| 10:09 | Build | Watch Tower |
| 10:12 | Queue | Villager (Male) |
| 10:14 | Build | Barracks |
| 10:14 | Queue | Villager (Male) |
| 10:25 | Research | Town Watch |
| 10:36 | Queue | Villager (Male) |
| 11:25 | Queue | Villager (Male) |
| 11:34 | Build | Archery Range |
| 11:42 | Queue | Villager (Male) |
| 11:48 | Research | Double-Bit Axe |
| 11:49 | Research | Double-Bit Axe |
| 11:59 | Queue | Villager (Male) |
| 12:19 | Queue | Villager (Male) |
| 12:20 | Queue | Archer |
| 12:21 | Queue | Skirmisher |
| 13:06 | Queue | Skirmisher |
| 13:35 | Build | Farm |
| 13:35 | Build | Farm |
| 13:35 | Build | Farm |
| 13:36 | Build | Farm |
| 13:36 | Build | Farm |
| 13:46 | Build | House |
| 13:52 | Queue | Villager (Male) |
| 14:06 | Build | Farm |
| 14:15 | Queue | Villager (Male) |
| 14:57 | Queue | Villager (Male) |
| 14:58 | Queue | Skirmisher |
| 15:03 | Build | House |
| 15:11 | Queue | Villager (Male) |
| 15:18 | Build | Farm |
| 15:22 | Build | House |
| 15:24 | Build | Palisade Wall |
| 15:29 | Build | Farm |
| 15:31 | Queue | Villager (Male) |
| 15:50 | Build | Farm |
| 15:54 | Build | Farm |
| 16:08 | Build | House |
| 16:14 | Queue | Villager (Male) |
| 16:14 | Queue | Villager (Male) |
| 16:26 | Build | Farm |
| 16:31 | Build | Mining Camp |
| 16:46 | Queue | Villager (Male) |
| 16:53 | Build | Farm |
| 17:08 | Build | Farm |
| 17:23 | Queue | Villager (Male) |
| 17:35 | Build | Farm |
| 17:43 | Queue | Villager (Male) |
| 18:01 | Queue | Villager (Male) |
| 18:05 | Build | Mining Camp |
| 18:19 | Build | Farm |
| 18:21 | Queue | Villager (Male) |
| 18:32 | Build | Farm |
| 18:52 | Queue | Villager (Male) |
| 19:06 | Queue | Villager (Male) |
| 19:16 | Build | Blacksmith |
| 19:40 | Build | House |
| 19:42 | Build | Stone Wall |
| 19:46 | Research | Castle Age |
| 19:47 | Research | Castle Age |
| 19:52 | Build | Stone Wall |
| 20:47 | Research | Horse Collar |
| 21:53 | Queue | Spearman |
| 22:16 | Build | House |
| 22:26 | Build | House |
| 22:26 | Age | Castle Age |
| 22:34 | Build | Castle |
| 22:40 | Build | House |
| 22:43 | Build | House |
| 22:45 | Build | House |
| 22:47 | Build | Stone Wall |
| 22:51 | Build | House |
| 22:56 | Queue | Villager (Male) |
| 22:59 | Queue | Villager (Male) |
| 23:14 | Queue | Camel Archer |
| 23:15 | Queue | Camel Archer |
| 23:15 | Queue | Camel Archer |
| 23:21 | Queue | Camel Archer |
| 23:35 | Research | Fletching |
| 24:12 | Queue | Villager (Male) |
| 24:13 | Queue | Camel Archer |
| 24:42 | Queue | Villager (Male) |
| 24:45 | Build | Market |
| 24:50 | Build | Farm |
| 24:50 | Build | Farm |
| 24:50 | Build | Farm |
| 25:20 | Queue | Camel Archer |
| 25:21 | Queue | Villager (Male) |
| 25:39 | Queue | Villager (Male) |
| 25:43 | Queue | Villager (Male) |
| 25:46 | Queue | Villager (Male) |
| 25:50 | Queue | Camel Archer |
| 26:09 | Build | Siege Workshop |
| 26:35 | Queue | Camel Archer |
Match timeline
| 3:58 | 半月回淑 · wall_segment Palisade Wall x3 |
| 4:18 | 半月回淑 · wall_segment Palisade Wall x1 |
| 4:28 | 半月回淑 · wall_segment Palisade Wall x5 |
| 4:57 | 半月回淑 · wall_segment Palisade Wall x4 |
| 5:02 | 半月回淑 · wall_segment Palisade Wall x2 |
| 5:12 | 半月回淑 · wall_segment Palisade Wall x1 |
| 5:13 | 半月回淑 · wall_segment Palisade Wall x1 |
| 5:20 | recplorer · first_building Barracks |
| 5:24 | 半月回淑 · wall_segment Palisade Wall x4 |
| 6:12 | 半月回淑 · wall_segment Palisade Wall x1 |
| 6:13 | 半月回淑 · wall_segment Palisade Wall x8 |
| 6:52 | 半月回淑 · wall_segment Palisade Wall x1 |
| 6:54 | 半月回淑 · wall_segment Palisade Wall x6 |
| 6:56 | 半月回淑 · wall_segment Palisade Wall x1 |
| 6:57 | 半月回淑 · wall_segment Palisade Wall x5 |
| 7:01 | 半月回淑 · wall_segment Palisade Wall x1 |
| 7:05 | 半月回淑 · wall_segment Palisade Wall x1 |
| 7:06 | 半月回淑 · wall_segment Palisade Wall x1 |
| 8:55 | recplorer · age_up feudal |
| 9:04 | 半月回淑 · wall_segment Palisade Wall x1 |
| 9:42 | 半月回淑 · wall_segment Palisade Wall x1 |
| 9:57 | 半月回淑 · age_up feudal |
| 10:14 | 半月回淑 · first_building Barracks |
| 11:26 | recplorer · first_building Archery Range |
| 11:34 | 半月回淑 · first_building Archery Range |
| 12:42 | recplorer · wall_segment Palisade Wall x1 |
| 12:43 | recplorer · wall_segment Palisade Wall x1 |
| 12:53 | recplorer · wall_segment Palisade Wall x1 |
| 15:24 | 半月回淑 · wall_segment Palisade Wall x8 |
| 19:42 | 半月回淑 · wall_segment Stone Wall x2 |
| 19:52 | 半月回淑 · wall_segment Stone Wall x10 |
| 21:28 | recplorer · age_up castle |
| 21:35 | recplorer · first_building Siege Workshop |
| 22:26 | 半月回淑 · age_up castle |
| 22:34 | 半月回淑 · first_building Castle |
| 22:47 | 半月回淑 · wall_segment Stone Wall x1 |
| 26:09 | 半月回淑 · first_building Siege Workshop |
| 27:21 | 半月回淑 · resign |
[ AI ANALYSIS · 1 CREDIT ]
What really happened in this match?
Wolo.gg analyzes every decision: build order, eco, micro, common mistakes by bracket. Personalized analysis on WhatsApp or Discord in 30 seconds.
Civ guide
Khitans
Perfil
Jugador #25868614